[Event "Winter 2018 CCCSA-IM"]
[Site "Charlotte"]
[Date "2018.01.11"]
[Round "1"]
[White "Hong, Andrew"]
[Black "Wang, Wesley"]
[Result "1/2-1/2"]
[ECO "C88"]
[WhiteElo "2327"]
[BlackElo "2226"]
[Annotator "ChessBase"]
[PlyCount "67"]
[EventDate "2018.01.11"]
[EventType "tourn"]
[EventCountry "USA"]
[SourceTitle "playchess.com"]
[Source "ChessBase"]
[SourceQuality "1"]
[TimeControl "5400+30"]

1. e4 e5 2. Nf3 Nc6 3. Bb5 a6 4. Ba4 Nf6 5. O-O Be7 6. Re1 b5 7. Bb3 O-O 8. a4 b4 9. d4 d6 10. dxe5 Nxe5 11. Nxe5 dxe5 12. Qe2 Bb7 13. f3 Bc5+ 14. Be3 Qe7 15. Nd2 a5 16. Bc4 Nd7 17. Nb3 Bxe3+ 18. Qxe3 Bc6 19. Be2 Nb6 20. Qc5 Qxc5+ 21. Nxc5 Nd7 22. Nxd7 Bxd7 23. Bc4 Rfd8 24. Red1 Be6 25. Bxe6 fxe6 26. Kf2 Kf8 27. Ke2 Rd6 28. Rd3 Ke7 29. Rad1 Kd7 30. b3 Rb8 31. c3 bxc3 32. Rxc3 Rxd1 33. Kxd1 Kd6 34. Kc2 1/2-1/2

[Event "Winter 2018 CCCSA-IM"]
[Site "Charlotte"]
[Date "2018.01.11"]
[Round "1"]
[White "Moon, Benjamin"]
[Black "Young, Angelo"]
[Result "1-0"]
[ECO "A45"]
[WhiteElo "2317"]
[BlackElo "2273"]
[Annotator "ChessBase"]
[PlyCount "33"]
[EventDate "2018.01.11"]
[EventType "tourn"]
[EventCountry "USA"]
[SourceTitle "playchess.com"]
[Source "ChessBase"]
[SourceQuality "1"]
[TimeControl "5400+30"]

1. d4 c5 2. dxc5 e6 3. Nc3 Nf6 4. e4 Bxc5 5. e5 Qb6 6. exf6 Bxf2+ 7. Ke2 Bxg1 8. Rxg1 Qxg1 9. Qd6 gxf6 10. Be3 Qh1 11. Ne4 b6 12. Nxf6+ Kd8 13. Bg5 Ba6+ 14. Kf2 h6 15. Bh4 Bb7 16. Nd5+ Kc8 17. Qc7# 1-0

[Event "Winter 2018 CCCSA-IM"]
[Site "Charlotte"]
[Date "2018.01.11"]
[Round "1"]
[White "Wang, Tianqi"]
[Black "Montalvo Rosario, Alejandro"]
[Result "1-0"]
[ECO "A48"]
[WhiteElo "2276"]
[BlackElo "2183"]
[Annotator "ChessBase"]
[PlyCount "65"]
[EventDate "2018.01.11"]
[EventType "tourn"]
[EventCountry "USA"]
[SourceTitle "playchess.com"]
[Source "ChessBase"]
[SourceQuality "1"]
[TimeControl "5400+30"]

1. d4 Nf6 2. Bf4 g6 3. e3 Bg7 4. Nf3 d6 5. Be2 O-O 6. O-O Nc6 7. c3 Qe8 8. Nbd2 e5 9. dxe5 dxe5 10. Bg5 h6 11. Bxf6 Bxf6 12. e4 Be6 13. a4 a5 14. Bc4 Bxc4 15. Nxc4 Qe6 16. Ne3 Ne7 17. Qe2 Bg5 18. Nc4 Nc6 19. h4 Be7 20. Ne3 f5 21. Nd5 Bd6 22. Rad1 Rf7 23. h5 fxe4 24. Nh2 Raf8 25. hxg6 Qxg6 26. Qc4 Kh8 27. Rde1 Rg8 28. Qxe4 Qh5 29. Kh1 Bc5 30. f4 exf4 31. Nxf4 Rxf4 32. Rxf4 Bd6 33. Rh4 1-0

[Event "Winter 2018 CCCSA-IM"]
[Site "Charlotte"]
[Date "2018.01.12"]
[Round "3"]
[White "Moon, Benjamin"]
[Black "Montalvo Rosario, Alejandro"]
[Result "1-0"]
[ECO "A48"]
[WhiteElo "2317"]
[BlackElo "2183"]
[Annotator "ChessBase"]
[PlyCount "67"]
[EventDate "2018.01.11"]
[EventType "tourn"]
[EventCountry "USA"]
[SourceTitle "playchess.com"]
[Source "ChessBase"]
[SourceQuality "1"]
[TimeControl "5400+30"]

1. d4 Nf6 2. Bf4 g6 3. Nf3 Bg7 4. e3 O-O 5. Be2 d6 6. h3 Nc6 7. O-O e5 8. Bh2 Nd7 9. c4 f5 10. Nc3 e4 11. Nd2 Nf6 12. Rb1 Ne7 13. b4 g5 14. Qc2 Ng6 15. d5 Ne5 16. c5 g4 17. Bxe5 dxe5 18. hxg4 Nxg4 19. Bxg4 fxg4 20. Ndxe4 Qh4 21. Ng3 Bd7 22. b5 Rf6 23. c6 Raf8 24. cxd7 Rh6 25. Rfd1 Qh2+ 26. Kf1 Qxg3 27. Ne4 Qxe3 28. Kg1 Qf4 29. Rb3 Qh2+ 30. Kf1 Bf6 31. Rg3 Rg6 32. Rxg4 Rxg4 33. Nxf6+ Rxf6 34. d8=Q+ 1-0

[Event "Winter 2018 CCCSA-IM"]
[Site "Charlotte"]
[Date "2018.01.12"]
[Round "3"]
[White "Jacobson, Aaron"]
[Black "Wang, Wesley"]
[Result "0-1"]
[ECO "C88"]
[WhiteElo "2282"]
[BlackElo "2226"]
[Annotator "ChessBase"]
[PlyCount "74"]
[EventDate "2018.01.11"]
[EventType "tourn"]
[EventCountry "USA"]
[SourceTitle "playchess.com"]
[Source "ChessBase"]
[SourceQuality "1"]
[TimeControl "5400+30"]

1. e4 e5 2. Nf3 Nc6 3. Bb5 a6 4. Ba4 Nf6 5. O-O Be7 6. Re1 b5 7. Bb3 O-O 8. a4 b4 9. d4 d6 10. dxe5 dxe5 11. Qe2 Bg4 12. Qe3 Bxf3 13. Qxf3 Nd4 14. Qd3 Nxb3 15. Qxb3 Nxe4 16. Qc4 Nc5 17. Rxe5 Qd1+ 18. Qf1 Qxc2 19. Re2 Qg6 20. Re3 Bf6 21. Nd2 Rad8 22. Qc4 Bd4 23. Re2 Qd3 24. Qxd3 Nxd3 25. Nf3 Bf6 26. Rc2 c5 27. Rb1 b3 28. Re2 c4 29. Kf1 Rfe8 30. Be3 Nxb2 31. Rexb2 Bxb2 32. Rxb2 c3 33. Rxb3 c2 34. Rc3 Rxe3 35. fxe3 Rd1+ 36. Kf2 c1=Q 37. Rb3 Qc2+ 0-1

[Event "Winter 2018 CCCSA-IM"]
[Site "Charlotte"]
[Date "2018.01.12"]
[Round "3"]
[White "Wang, Tianqi"]
[Black "Hong, Andrew"]
[Result "1/2-1/2"]
[ECO "D02"]
[WhiteElo "2276"]
[BlackElo "2327"]
[Annotator "ChessBase"]
[PlyCount "31"]
[EventDate "2018.01.11"]
[EventType "tourn"]
[EventCountry "USA"]
[SourceTitle "playchess.com"]
[Source "ChessBase"]
[SourceQuality "1"]
[TimeControl "5400+30"]

1. d4 d5 2. Bf4 c5 3. e3 Nc6 4. c3 Nf6 5. Nf3 Qb6 6. Qc2 g6 7. Be2 Bg7 8. O-O O-O 9. h3 Nd7 10. Rd1 Rd8 11. Nbd2 e5 12. dxe5 Ndxe5 13. Nxe5 Nxe5 14. Nf3 Nxf3+ 15. Bxf3 Be6 16. Rd2 1/2-1/2

[Event "Winter 2018 CCCSA-IM"]
[Site "Charlotte"]
[Date "2018.01.12"]
[Round "3"]
[White "Young, Angelo"]
[Black "Ng, Gary"]
[Result "1/2-1/2"]
[ECO "A46"]
[WhiteElo "2273"]
[BlackElo "2272"]
[Annotator "ChessBase"]
[PlyCount "47"]
[EventDate "2018.01.11"]
[EventType "tourn"]
[EventCountry "USA"]
[SourceTitle "playchess.com"]
[Source "ChessBase"]
[SourceQuality "1"]
[TimeControl "5400+30"]

1. d4 Nf6 2. Nf3 e6 3. g3 c5 4. dxc5 Bxc5 5. c4 Ne4 6. e3 b6 7. a3 Bb7 8. Bg2 O-O 9. O-O Qc8 10. Nbd2 Be7 11. Qc2 d5 12. b3 Bf6 13. Bb2 Bxb2 14. Qxb2 Nxd2 15. Nxd2 dxc4 16. Bxb7 Qxb7 17. Nxc4 Rd8 18. Rfd1 Nc6 19. Rac1 Ne7 20. Qe5 Ng6 21. Qg5 Qe7 22. Qb5 Rxd1+ 23. Rxd1 Rd8 24. Rxd8+ 1/2-1/2

[Event "Winter 2018 CCCSA-IM"]
[Site "Charlotte"]
[Date "2018.01.11"]
[Round "4"]
[White "Jacobson, Aaron"]
[Black "Wang, Tianqi"]
[Result "1-0"]
[ECO "D24"]
[WhiteElo "2282"]
[BlackElo "2276"]
[Annotator "ChessBase"]
[PlyCount "95"]
[EventDate "2018.01.11"]
[EventType "tourn"]
[EventCountry "USA"]
[SourceTitle "playchess.com"]
[Source "ChessBase"]
[SourceQuality "1"]
[TimeControl "5400+30"]

1. c4 e6 2. Nc3 d5 3. d4 dxc4 4. e3 Nf6 5. Nf3 a6 6. Bxc4 Be7 7. O-O O-O 8. e4 b5 9. Bd3 Bb7 10. e5 Nd5 11. Ne4 Nd7 12. a3 b4 13. Bg5 bxa3 14. Rxa3 Nb4 15. Bb1 Bd5 16. Rc3 Nb6 17. Qd2 Bxe4 18. Bxe4 N6d5 19. Bxe7 Qxe7 20. Rc5 Rab8 21. Ra1 Rb6 22. Qe2 g6 23. g3 Rfb8 24. Kg2 Kg7 25. h4 h5 26. Kh3 Nc6 27. Qd3 Rb3 28. Qd1 Qd7 29. Rxa6 Ncb4 30. Ra8 Rxf3 31. Rxb8 Nf4+ 32. Kh2 Rxf2+ 33. Kh1 Nfd3 34. Bxd3 Qxd4 35. Rxb4 Qxc5 36. Qe1 Rf3 37. Be4 Qxe5 38. Kg2 Rf6 39. Qc3 Qa5 40. Rd4 Qb5 41. Bf3 Qe5 42. Rc4 Rf5 43. Rxc7 g5 44. Qxe5+ Rxe5 45. hxg5 Rb5 46. Bxh5 Rxg5 47. Rxf7+ Kg8 48. g4 1-0

[Event "Winter 2018 CCCSA-IM"]
[Site "Charlotte"]
[Date "2018.01.11"]
[Round "4"]
[White "Wang, Wesley"]
[Black "Ng, Gary"]
[Result "1-0"]
[ECO "B93"]
[WhiteElo "2226"]
[BlackElo "2272"]
[Annotator "ChessBase"]
[PlyCount "109"]
[EventDate "2018.01.11"]
[EventType "tourn"]
[EventCountry "USA"]
[SourceTitle "playchess.com"]
[Source "ChessBase"]
[SourceQuality "1"]
[TimeControl "5400+30"]

1. e4 c5 2. Nf3 d6 3. d4 cxd4 4. Nxd4 Nf6 5. Nc3 a6 6. f4 e5 7. Nf3 Nbd7 8. a4 Be7 9. Bd3 O-O 10. O-O exf4 11. Kh1 Nh5 12. Nd5 Nc5 13. Nd4 g6 14. Nf5 Bg5 15. Ra3 Re8 16. Qf3 Nf6 17. Bxf4 Nxd5 18. Bxg5 Qxg5 19. Nxd6 Rf8 20. exd5 Bg4 21. Qg3 Rad8 22. b4 Nxd3 23. Ne4 Qe5 24. Nf6+ Kg7 25. Rxd3 Qxg3 26. Rxg3 Be2 27. Rf4 Rd6 28. Re3 Rxf6 29. Rxf6 Kxf6 30. Rxe2 Rd8 31. c4 b5 32. cxb5 axb5 33. a5 Rxd5 34. Re1 Rd2 35. Ra1 Ke6 36. Kg1 f5 37. h4 f4 38. a6 Rd8 39. Kf2 h6 40. Ra5 Ra8 41. Kf3 g5 42. hxg5 hxg5 43. Kg4 Kf6 44. a7 Kg6 45. Ra6+ Kf7 46. Kxg5 Kg7 47. Kxf4 Kf7 48. g4 Kg7 49. g5 Kf7 50. Ke5 Ke7 51. g6 Kf8 52. Kf6 Kg8 53. Rb6 Rf8+ 54. Ke7 Kh8 55. Rb8 1-0

[Event "Winter 2018 CCCSA-IM"]
[Site "Charlotte"]
[Date "2018.01.13"]
[Round "5"]
[White "Moon, Benjamin"]
[Black "Hong, Andrew"]
[Result "1/2-1/2"]
[ECO "D00"]
[WhiteElo "2317"]
[BlackElo "2327"]
[Annotator "ChessBase"]
[PlyCount "59"]
[EventDate "2018.01.11"]
[EventType "tourn"]
[EventCountry "USA"]
[SourceTitle "playchess.com"]
[Source "ChessBase"]
[SourceQuality "1"]
[TimeControl "5400+30"]

1. d4 d5 2. Bf4 c5 3. e3 Nc6 4. Nf3 Nf6 5. Be2 Bf5 6. O-O e6 7. Nbd2 Bd6 8. dxc5 Bxc5 9. c4 O-O 10. Rc1 Be7 11. Ne5 Nxe5 12. Bxe5 Ne4 13. Nxe4 Bxe4 14. Bf3 Bxf3 15. Qxf3 dxc4 16. Rxc4 b5 17. Qg4 g6 18. Rd4 Qc8 19. Rfd1 Qc5 20. Bd6 Bxd6 21. Rxd6 Rac8 22. h4 Qe5 23. Qd4 Qxd4 24. R6xd4 Rc7 25. g3 Rfc8 26. Rd8+ Kg7 27. Rxc8 Rxc8 28. Rd7 Rc2 29. Rxa7 Rxb2 30. Rb7 1/2-1/2

[Event "Winter 2018 CCCSA-IM"]
[Site "Charlotte"]
[Date "2018.01.13"]
[Round "5"]
[White "Ng, Gary"]
[Black "Montalvo Rosario, Alejandro"]
[Result "1/2-1/2"]
[ECO "A15"]
[WhiteElo "2272"]
[BlackElo "2183"]
[Annotator "ChessBase"]
[PlyCount "83"]
[EventDate "2018.01.11"]
[EventType "tourn"]
[EventCountry "USA"]
[SourceTitle "playchess.com"]
[Source "ChessBase"]
[SourceQuality "1"]
[TimeControl "5400+30"]

1. Nf3 Nf6 2. c4 g6 3. b3 Bg7 4. Bb2 O-O 5. g3 c5 6. Bg2 Nc6 7. O-O d6 8. d4 cxd4 9. Nxd4 Bd7 10. Nc3 Nxd4 11. Qxd4 Bc6 12. Nd5 Bxd5 13. Bxd5 Nh5 14. Qd2 Bxb2 15. Qxb2 Qc7 16. Qd4 Nf6 17. Rac1 a5 18. Bg2 Rac8 19. Rfd1 b6 20. a3 Qc5 21. Qb2 Rc7 22. b4 axb4 23. axb4 Qe5 24. Qxe5 dxe5 25. c5 bxc5 26. Rxc5 Rxc5 27. bxc5 Rc8 28. c6 e4 29. Rc1 Kf8 30. e3 e6 31. Bf1 Nd5 32. Ba6 Rc7 33. Bb7 Ke7 34. Rc4 f5 35. Ra4 Kd6 36. Ra8 Nb4 37. Rd8+ Ke7 38. Rh8 Kf6 39. Rf8+ Kg7 40. Rc8 Rxc8 41. Bxc8 Nxc6 42. Bxe6 1/2-1/2

[Event "Winter 2018 CCCSA-IM"]
[Site "Charlotte"]
[Date "2018.01.14"]
[Round "6.5"]
[White "Wang, Tianqi"]
[Black "Yu, Jennifer"]
[Result "1-0"]
[ECO "D00"]
[WhiteElo "2276"]
[BlackElo "2355"]
[Annotator "RC"]
[PlyCount "175"]
[EventDate "2018.01.11"]
[EventType "tourn"]
[EventCountry "USA"]
[SourceTitle "playchess.com"]
[Source "ChessBase"]
[SourceQuality "1"]
[TimeControl "5400+30"]

1. d4 d5 2. Bf4 Nf6 3. e3 e6 4. Nd2 Bd6 5. Bg3 c5 6. Ngf3 Nc6 7. c3 O-O 8. Be2 Qe7 9. dxc5 Bxc5 10. O-O a6 11. Qb1 e5 12. b4 Bd6 13. a3 e4 14. Nd4 Bxg3 15. fxg3 Bg4 16. Nxc6 bxc6 17. Rxf6 Qxf6 18. Bxg4 Qg5 19. Qd1 Qxe3+ 20. Kh1 Qxc3 21. Nb3 f5 22. Be2 Rf6 23. Rc1 Qe3 24. Nd4 Kh8 25. Nc2 Qg5 26. Nd4 Rh6 27. Rc3 f4 28. gxf4 Qxf4 29. h3 Qc7 30. Qc1 Rf8 31. Rc5 Rf2 32. Qe3 Rhf6 33. Kg1 Qf4 34. Qxf4 R2xf4 35. Nxc6 h6 36. Nd4 Rd6 37. Kh2 e3 38. Rc8+ Kh7 39. Bd3+ g6 40. Rc7+ Kg8 41. Ne2 Rf7 42. Rc5 Kg7 43. Kg3 Rf2 44. Rc7+ Kf6 45. Ra7 g5 46. Rh7 Ke5 47. a4 Rff6 48. Re7+ Rde6 49. Rc7 Rc6 50. Re7+ Rce6 51. Ra7 Rb6 52. b5 axb5 53. axb5 Rbd6 54. Ra4 d4 55. Ng1 Rf4 56. Nf3+ Kd5 57. h4 e2 58. Ra1 Re6 59. hxg5 hxg5 60. Nxg5 Rf1 61. Nxe6 Rxa1 62. Nf4+ Ke5 63. Nxe2 Ra8 64. Kf2 Rf8+ 65. Ke1 Rg8 66. g3 Rg7 67. Kf2 Rg8 68. Kf3 Kd5 69. Nf4+ Ke5 70. Be4 Rb8 71. Bc6 Rd8 72. Nd3+ Kd6 73. g4 Rh8 74. Be4 Rf8+ 75. Kg3 Re8 76. Nf2 Ke5 77. Bd3 Rg8 78. Nh3 Ra8 79. g5 Rg8 80. g6 Kf6 81. Kf4 Rh8 82. Nf2 Rh4+ 83. Ng4+ Kg7 84. b6 Rh8 85. Ne5 Rb8 86. Nd7 Rb7 87. Bf5 d3 88. Ke3 1-0